 Dungeon Crawl Stone Soup version 0.23-a0-395-gcf17ac6c65 (webtiles) character file.

20572 Napalmbreeze the Thaumaturge (level 12, -8/94 HPs)
             Began as a Gnoll Skald on Nov 1, 2018.
             Was an Elder of Okawaru.
             Mangled by a death yak (23 damage)
             ... on level 3 of the Lair of Beasts.
             The game lasted 00:38:48 (14259 turns).

Napalmbreeze the Thaumaturge (Gnoll Skald)         Turns: 14259, Time: 00:38:48

Health: -8/94      AC: 15    Str: 17    XL:     12   Next: 80%
Magic:  34/35      EV: 23    Int: 22    God:    Okawaru [****..]
Gold:   511        SH: 13    Dex: 19    Spells: 21/29 levels left

rFire    . . .     SeeInvis +   H - +1 dagger (venom)
rCold    . . .     Gourm    .   I - +2 buckler
rNeg     . . .     Faith    .   e - +4 leather armour "Dirikligi" {Dex+4}
rPois    +         Spirit   .   R - +3 hat of Pondering {ponderous, MR+ MP+10 Int+5}
rElec    .         Reflect  +   q - +1 cloak
rCorr    .         Harm     .   y - +0 pair of gloves
MR       +....                  (no boots)
Stlth    +++++.....             J - +3 amulet of reflection
HPRegen  0.25/turn              E - ring of poison resistance
MPRegen  0.24/turn              m - ring of see invisible

@: about to teleport, heroism, slow
A: distributed training, fangs 1, strong nose
a: Heroism, Renounce Religion


You were on level 3 of the Lair of Beasts.
You worshipped Okawaru.
Okawaru was greatly pleased with you.
You were hungry.

You visited 3 branches of the dungeon, and saw 14 of its levels.

You collected 742 gold pieces.
You spent 231 gold pieces at shops.

Inventory:

Hand Weapons
 a - a +2 dagger of electrocution
 H - a +1 dagger of venom (weapon)
 K - the +5 spear "Joyghixi" {protect, rN+ Str+7}
   (You found it on level 9 of the Dungeon)

   It protects the one who uses it against injury (+AC on strike).
   It affects your strength (+7).
   It protects you from negative energy.
Missiles
 c - 199 arrows
 U - 6 poisoned javelins (quivered)
Armour
 e - the +4 leather armour "Dirikligi" (worn) {Dex+4}
   (You found it on level 4 of the Dungeon)

   It affects your dexterity (+4).
 o - a +2 hat
 q - a +1 cloak (worn)
 y - a +0 pair of gloves (worn)
 G - a +0 shield
 I - a +2 buckler (worn)
 Q - the +0 robe "Masah" {rF+ Regen+}
   (Okawaru gifted it to you on level 1 of the Lair of Beasts)

   It protects you from fire.
   It increases your rate of regeneration.
 R - the +3 hat of Pondering (worn) {ponderous, MR+ MP+10 Int+5}
   (You took it off Gastronok on level 1 of the Lair of Beasts)

   It affects your intelligence (+5).
   It affects your resistance to hostile enchantments.
   It affects your magic capacity (+10).
Jewellery
 m - a ring of see invisible (right hand)
 E - a ring of poison resistance (left hand)
 J - a +3 amulet of reflection (around neck)
Wands
 r - a wand of enslavement (7)
 B - a wand of paralysis (19)
 F - a wand of flame (48)
 T - a wand of polymorph (4)
Scrolls
 b - a scroll of torment {unknown}
 g - 3 scrolls of immolation
 i - 5 scrolls of identify
 j - 9 scrolls of teleportation
 s - 3 scrolls of blinking {unknown}
 u - 5 scrolls of enchant weapon
 v - 5 scrolls of amnesia
 x - 4 scrolls of remove curse
 C - a scroll of brand weapon {unknown}
 D - a scroll of summoning {unknown}
 O - 2 scrolls of enchant armour {unknown}
Potions
 f - 2 potions of agility
 h - 2 potions of mutation {unknown}
 k - 4 potions of curing
 l - a potion of resistance
 n - 2 potions of invisibility {unknown}
 p - a potion of berserk rage {unknown}
 t - 2 potions of ambrosia {unknown}
 w - 2 potions of lignification
 z - 3 potions of heal wounds {unknown}
 A - 2 potions of flight {unknown}
 L - 2 potions of brilliance {unknown}
 M - 2 potions of haste {unknown}
 P - a potion of cancellation {unknown}
 S - a potion of degeneration {unknown}
Miscellaneous
 N - a phantom mirror
Comestibles
 d - 35 rations


   Skills:
 + Level 8.9(13.9) Fighting
 + Level 7.5(12.5) Short Blades
 + Level 7.5(12.5) Long Blades
 + Level 8.9(13.9) Axes
 + Level 7.5(12.5) Maces & Flails
 + Level 7.5(12.5) Polearms
 + Level 7.5(12.5) Staves
 + Level 7.5(12.5) Slings
 + Level 7.5(12.5) Bows
 + Level 7.5(12.5) Crossbows
 + Level 7.5(12.5) Throwing
 + Level 8.0(13.0) Armour
 + Level 8.9(13.9) Dodging
 + Level 7.5(12.5) Stealth
 + Level 7.5(12.5) Shields
 + Level 7.5(12.5) Unarmed Combat
 + Level 9.1 Spellcasting
 + Level 6.2 Conjurations
 + Level 6.2 Hexes
 + Level 8.4 Charms
 + Level 6.2 Summonings
 + Level 6.2 Necromancy
 + Level 6.2 Translocations
 + Level 6.2 Transmutations
 + Level 6.2 Fire Magic
 + Level 6.2 Ice Magic
 + Level 6.2 Air Magic
 + Level 6.2 Earth Magic
 + Level 6.2 Poison Magic
 + Level 8.2 Invocations
 + Level 7.5 Evocations


You had 21 spell levels left.
You knew the following spells:

 Your Spells              Type           Power        Failure   Level  Hunger
a - Infusion              Chrm           ####         1%          1    None
d - Song of Slaying       Chrm           #####...     1%          2    None
q - Shroud of Golubria    Chrm/Tloc      #####.....   1%          2    None
s - Spectral Weapon       Hex/Chrm       #####...     1%          3    None

Your spell library contained the following spells:

 Spells                   Type           Power        Failure   Level  Hunger
 Confusing Touch          Hex            #####.       1%          1    None
 Sting                    Conj/Pois      ####         1%          1    None
 Poisonous Vapours        Pois/Air       #####.       1%          2    None
 Confuse                  Hex            #####...     1%          3    None
 Dazzling Spray           Conj/Hex       #####.       1%          3    None
 Gell's Gravitas          Tloc           #####.....   1%          3    None
 Inner Flame              Hex/Fire       #####...     1%          3    None
 Mephitic Cloud           Conj/Pois/Air  #####...     1%          3    None
 Regeneration             Chrm/Necr      #####.....   1%          3    None
 Tukima's Dance           Hex            #####...     1%          3    None
 Olgreb's Toxic Radiance  Pois           #####...     6%          4    ##.....
 Petrify                  Tmut/Erth      #####...     6%          4    ##.....
 Metabolic Englaciation   Hex/Ice        #####.....   16%         5    ####...
 Silence                  Hex/Air        #####.....   16%         5    ####...
 Venom Bolt               Conj/Pois      #####.....   16%         5    ####...
 Yara's Violent Unravell  Hex/Tmut       #####.....   16%         5    ####...


Dungeon Overview and Level Annotations

Branches:
Dungeon (10/15)            Temple (1/1) D:7            Lair (3/6) D:10
 Shoals (0/4) Lair:2
  Snake: Lair:2-4    Spider: Lair:2-4       Orc: D:9-12

Altars:
Ashenzari
Cheibriados
Dithmenos
Elyvilon
Fedhas
Gozag
Hepliaklqana
Kikubaaqudgha
Makhleb
Nemelex Xobeh
Okawaru
Qazlal
Ru
Sif Muna
Trog
Uskayaw
Vehumet
Wu Jian
Xom
Yredelemnul
Zin
The Shining One
Lugonu

Shops:
D:8 [*[

Annotations:
Lair:1 1 runed door, kaisn's ghost, journeyman TrFi


Innate Abilities, Weirdness & Mutations

Your experience applies equally to all skills.
You have very sharp teeth.
Your uncanny sense of smell can sniff out nearby items.


Message History

You barely miss the death yak.
The death yak is heavily wounded.
You hit the death yak.
The death yak is poisoned.
The death yak is heavily wounded.
You block the death yak's attack.
Your hands slow down.
The death yak completely misses you.
The death yak looks more healthy.
You hit the death yak.
The death yak is poisoned.
The death yak is heavily wounded.
You feel like a meek peon again. The death yak completely misses you.
The death yak looks more healthy.
You gain the combat prowess of a mighty hero.
The death yak gores you!!
* * * LOW HITPOINT WARNING * * *
The death yak barely misses you.
As you read the scroll of teleportation, it crumbles to dust.
You feel strangely unstable. The death yak gores you!!
You die...

### ## ### #.## #
##.###.#######.#####P
##....................
#.....................
#...<................
#.........#######....
##...@.....# ##....
#....Y.....# #.....
##.........# #.....
#..........## #P....
#P..........#####.....
##..........##.###...P
#....................
#....####.#.........#
#..### ##..........#


You could see a death yak.

Vanquished Creatures
  Gastronok (Lair:1)
  3 death yaks
  A two-headed ogre (D:10)
  Urug (D:10)
  A merfolk siren (Lair:2)
  2 centaur zombies (D:9)
  5 spiny frogs
  2 centaur skeletons (D:9)
  6 komodo dragons
  A rime drake (Lair:3)
  2 hellwings (D:9)
  A queen bee (Lair:1)
  A troll (D:9)
  3 merfolk (Lair:2)
  2 hippogriffs
  A meliai zombie (D:9)
  A spriggan (D:7)
  3 wyverns
  11 yaks
  Menkaure (D:4)
  3 wargs (D:10)
  3 porcupines
  2 water moccasins
  5 orc warriors
  3 ice beasts
  4 phantoms
  A black bear (D:9)
  4 ogres
  4 centaurs
  6 crocodiles
  2 big kobolds
  10 bullfrogs
  A wyvern zombie (D:9)
  4 scorpions
  2 wyvern skeletons
  24 killer bees
  4 wights (D:9)
  9 crimson imps
  A bullfrog zombie (D:6)
  A quasit (D:10)
  A jelly (D:10)
  6 hounds
  5 orc priests
  Crazy Yiuf (D:2)
  8 orc wizards
  4 iguanas
  5 worker ants
  2 hound skeletons
  2 worker ant zombies
  10 adders
  5 shadow imps
  An ooze (D:2)
  An adder skeleton (D:4)
  3 dart slugs
  2 worms (D:2)
  4 leopard geckos
  22 orcs
  16 bats
  4 giant cockroaches
  3 goblins
  8 hobgoblins
  2 jackals (D:3)
  18 kobolds
  5 quokkas
  3 ball pythons
  7 frilled lizards
  A leopard gecko skeleton (D:5)
  A quokka skeleton (D:8)
  A quokka zombie (D:5)
  9 rats
302 creatures vanquished.

Vanquished Creatures (others)
  A centaur (D:9)
  7 fungi
  4 plants (Lair:1)
  12 spectral weapons
24 creatures vanquished.

Grand Total: 326 creatures vanquished

Notes
Turn   | Place    | Note
-------+----------+-------------------------------------------
     0 | D:1      | Napalmbreeze the Gnoll Skald began the quest for the Orb.
     0 | D:1      | Reached XP level 1. HP: 20/20 MP: 6/6
   241 | D:1      | Reached XP level 2. HP: 24/26 MP: 7/7
   849 | D:2      | Reached XP level 3. HP: 28/31 MP: 9/9
   850 | D:2      | Reached skill level 5 in Spellcasting
   859 | D:2      | Learned a level 3 spell: Spectral Weapon
   862 | D:2      | Learned a level 2 spell: Song of Slaying
   926 | D:2      | Found a shattered altar of Ashenzari.
  1032 | D:2      | Found a runed door.
  1039 | D:2      | Noticed Crazy Yiuf
  1045 | D:2      | Killed Crazy Yiuf
  1045 | D:2      | Reached skill level 1 in Short Blades
  1045 | D:2      | Reached skill level 1 in Long Blades
  1045 | D:2      | Reached skill level 1 in Maces & Flails
  1045 | D:2      | Reached skill level 1 in Polearms
  1045 | D:2      | Reached skill level 1 in Staves
  1045 | D:2      | Reached skill level 1 in Slings
  1045 | D:2      | Reached skill level 1 in Bows
  1045 | D:2      | Reached skill level 1 in Crossbows
  1045 | D:2      | Reached skill level 1 in Throwing
  1045 | D:2      | Reached skill level 1 in Stealth
  1045 | D:2      | Reached skill level 1 in Shields
  1045 | D:2      | Reached skill level 1 in Unarmed Combat
  1045 | D:2      | Reached skill level 1 in Invocations
  1045 | D:2      | Reached skill level 1 in Evocations
  1045 | D:2      | Reached XP level 4. HP: 20/38 MP: 1/11
  1419 | D:2      | Learned a level 2 spell: Shroud of Golubria
  1468 | D:3      | Reached skill level 1 in Conjurations
  1468 | D:3      | Reached skill level 1 in Hexes
  1468 | D:3      | Reached skill level 1 in Summonings
  1468 | D:3      | Reached skill level 1 in Necromancy
  1468 | D:3      | Reached skill level 1 in Translocations
  1468 | D:3      | Reached skill level 1 in Transmutations
  1468 | D:3      | Reached skill level 1 in Fire Magic
  1468 | D:3      | Reached skill level 1 in Ice Magic
  1468 | D:3      | Reached skill level 1 in Air Magic
  1468 | D:3      | Reached skill level 1 in Earth Magic
  1468 | D:3      | Reached skill level 1 in Poison Magic
  2059 | D:3      | Reached XP level 5. HP: 43/43 MP: 12/12
  2302 | D:4      | Got a pitted leather armour
  2313 | D:4      | Identified the +4 leather armour "Dirikligi" {Dex+4} (You
                  | found it on level 4 of the Dungeon)
  2320 | D:4      | Noticed a phantom
  2625 | D:4      | Noticed an ogre
  2638 | D:4      | Killed a phantom
  2638 | D:4      | Reached XP level 6. HP: 50/50 MP: 10/13
  2782 | D:3      | You fall through a shaft!
  2786 | D:4      | Noticed Menkaure
  3027 | D:4      | Killed Menkaure
  3027 | D:4      | Reached skill level 5 in Fighting
  3027 | D:4      | Reached skill level 5 in Axes
  3027 | D:4      | Reached skill level 5 in Dodging
  3178 | D:4      | Reached XP level 7. HP: 56/56 MP: 9/15
  3992 | D:4      | Found the +7 Singing Sword {slice, sonic wave}
  4175 | D:5      | Entered Level 5 of the Dungeon
  4725 | D:5      | Found Jugeqita's Magic Scroll Shoppe.
  4858 | D:5      | Found an opulent altar of Gozag.
  5096 | D:5      | Reached XP level 8. HP: 63/63 MP: 13/16
  5323 | D:5      | Reached skill level 6 in Spellcasting
  5560 | D:6      | Found a burning altar of Makhleb.
  5575 | D:6      | Reached XP level 9. HP: 23/69 MP: 8/18
  6659 | D:7      | Reached skill level 5 in Armour
  6945 | D:7      | Found a shimmering altar of Xom.
  6948 | D:7      | Noticed an angel
  6952 | D:7      | Found a glowing silver altar of Zin.
  7072 | D:7      | Found a staircase to the Ecumenical Temple.
  7217 | Temple   | Entered the Ecumenical Temple
  7246 | Temple   | Became a worshipper of Warmaster Okawaru
  7637 | D:8      | Found a stormy altar of Qazlal.
  7641 | D:8      | Found a snail-covered altar of Cheibriados.
  7642 | D:8      | Found an ancient bone altar of Kikubaaqudgha.
  7645 | D:8      | Found a bloodstained altar of Trog.
  7681 | D:8      | Found Cyhokon's Armour Boutique.
  7681 | D:8      | Found Bijoicw's Assorted Antiques.
  7753 | D:8      | Reached skill level 5 in Invocations
  7765 | D:8      | Reached * piety under Okawaru
  7797 | D:8      | Found Ditwiwne's Armour Shoppe.
  7800 | D:8      | Bought a +2 buckler for 231 gold pieces
  7865 | D:8      | Reached XP level 10. HP: 77/77 MP: 16/20
  7904 | D:8      | Reached skill level 7 in Spellcasting
  7911 | D:8      | Found a hazy altar of Hepliaklqana.
  8277 | D:8      | Reached skill level 5 in Short Blades
  8277 | D:8      | Reached skill level 5 in Long Blades
  8277 | D:8      | Reached skill level 5 in Maces & Flails
  8277 | D:8      | Reached skill level 5 in Polearms
  8277 | D:8      | Reached skill level 5 in Staves
  8277 | D:8      | Reached skill level 5 in Slings
  8277 | D:8      | Reached skill level 5 in Bows
  8277 | D:8      | Reached skill level 5 in Crossbows
  8277 | D:8      | Reached skill level 5 in Throwing
  8277 | D:8      | Reached skill level 5 in Stealth
  8277 | D:8      | Reached skill level 5 in Shields
  8277 | D:8      | Reached skill level 5 in Unarmed Combat
  8277 | D:8      | Reached skill level 5 in Evocations
  8390 | D:9      | Got a sapphire spear
  8391 | D:9      | Identified the +5 spear "Joyghixi" {protect, rN+ Str+7}
                  | (You found it on level 9 of the Dungeon)
  8403 | D:9      | Found a white marble altar of Elyvilon.
  8552 | D:9      | Found a shadowy altar of Dithmenos.
  8736 | D:9      | Reached ** piety under Okawaru
  8865 | D:9      | Reached *** piety under Okawaru
  8977 | D:9      | Found a glowing golden altar of the Shining One.
  8979 | D:9      | Found a sparkling altar of Nemelex Xobeh.
  8984 | D:9      | Found a deep blue altar of Sif Muna.
  9229 | D:9      | You fall through a shaft!
  9229 | D:10     | Entered Level 10 of the Dungeon
  9233 | D:10     | Found a staircase to the Lair.
  9251 | D:10     | Reached XP level 11. HP: 79/84 MP: 9/22
  9265 | D:10     | Noticed Urug
  9266 | D:10     | Noticed a two-headed ogre
  9274 | D:10     | Killed Urug
  9274 | D:10     | Reached **** piety under Okawaru
  9526 | D:9      | Found an ornate altar of the Wu Jian Council.
  9778 | D:10     | Reached skill level 5 in Conjurations
  9778 | D:10     | Reached skill level 5 in Hexes
  9778 | D:10     | Reached skill level 5 in Summonings
  9778 | D:10     | Reached skill level 5 in Necromancy
  9778 | D:10     | Reached skill level 5 in Translocations
  9778 | D:10     | Reached skill level 5 in Transmutations
  9778 | D:10     | Reached skill level 5 in Fire Magic
  9778 | D:10     | Reached skill level 5 in Ice Magic
  9778 | D:10     | Reached skill level 5 in Air Magic
  9778 | D:10     | Reached skill level 5 in Earth Magic
  9778 | D:10     | Reached skill level 5 in Poison Magic
  9791 | D:10     | Reached skill level 8 in Spellcasting
 10214 | D:10     | Killed a two-headed ogre
 10407 | D:10     | Identified the Reference Book on Malediction
 10774 | Lair:1   | Entered Level 1 of the Lair of Beasts
 10873 | Lair:1   | Reached ***** piety under Okawaru
 10874 | Lair:1   | Found a runed door.
 10875 | Lair:1   | Noticed kaisn's ghost (journeyman TrFi)
 10969 | Lair:1   | Received a gift from Okawaru
 10980 | Lair:1   | Got a fabulously ornate robe {god gift}
 10991 | Lair:1   | Identified the +0 robe "Masah" {rF+ Regen+} (Okawaru gifted
                  | it to you on level 1 of the Lair of Beasts)
 11384 | Lair:1   | Reached XP level 12. HP: 93/93 MP: 22/24
 11471 | Lair:1   | Noticed Gastronok
 11489 | Lair:1   | Killed Gastronok
 12023 | Lair:1   | Noticed a spriggan rider
 12402 | Lair:2   | Found a staircase to the Shoals.
 13014 | Lair:3   | Noticed a death yak
 13019 | Lair:3   | Noticed a death yak
 13020 | Lair:3   | Noticed a death yak
 13020 | Lair:3   | Noticed a death yak
 13094 | Lair:2   | Killed a death yak
 13204 | Lair:2   | Killed a death yak
 13204 | Lair:2   | Reached skill level 9 in Spellcasting
 14207 | Lair:3   | Killed a death yak
 14259 | Lair:3   | Mangled by a death yak

Vault maps used:
D:1:      arrival_zaba_pyramid
D:2:      ashenzari_altar_1, first_ration, kennysheep_flooded_box,
          minmay_hexomino_c4, uniq_crazy_yiuf_cottage
D:3:      serial_bayou_ford_a
D:4:      old_forge, uniq_menkaure
D:5:      grunt_gozag_statues, serial_shops, shop
D:6:      cheibrodos_thug_alley, lemuel_doored_altar
D:7:      grunt_temple_overflow_order_and_chaos_1,
          minmay_temple_entry_enclosed_plants, the_bakery
D:8:      nicolae_overflow_hidden_temple, gammafunk_temple_overflow_forgotten,
          marbit_many_paths, serial_shops, shop, shop,
          nicolae_shop_overgrown_old_shop
D:9:      cheibrodos_grave_circle, nicolae_overflow_crystal_walls,
          elyvilon_altar_3, lemuel_coloured_pillars_altar, minitemple
D:10:     erik_lair_orcish_takeover, st_stairs_10, uniq_urug
Temple:   corrupted_temple
Lair:1:   ebering_ghost_funeral_grove, chequers_serial_rivers_micro_a,
          serial_bayou_shore_b, serial_bayou_shore_b, uniq_gastronok
Lair:2:   elwin_shoals_entry_stream, chequers_serial_rivers_micro_c,
          beast_lair_carwin_3
Lair:3:   portal_ice_cave_entry_pillars_1, minmay_lair_oklob_chamber,
          infiniplex_staircase_pool, grunt_megastairs_1

Skill      XL: |  1  2  3  4  5  6  7  8  9 10 11 12 |
---------------+-------------------------------------+-----
Spellcasting   | 5 6 7 8 9 |  9.1
Short Blades   | 1 2 3 4 5 6 7 |  7.5
Long Blades    | 1 2 3 4 5 6 7 |  7.5
Maces & Flails | 1 2 3 4 5 6 7 |  7.5
Polearms       | 1 2 3 4 5 6 7 |  7.5
Staves         | 1 2 3 4 5 6 7 |  7.5
Slings         | 1 2 3 4 5 6 7 |  7.5
Bows           | 1 2 3 4 5 6 7 |  7.5
Crossbows      | 1 2 3 4 5 6 7 |  7.5
Throwing       | 1 2 3 4 5 6 7 |  7.5
Stealth        | 1 2 3 4 5 6 7 |  7.5
Shields        | 1 2 3 4 5 6 7 |  7.5
Unarmed Combat | 1 2 3 4 5 6 7 |  7.5
Invocations    | 1 2 3 4 5 6 7 8 |  8.2
Evocations     | 1 2 3 4 5 6 7 |  7.5
Conjurations   | 1 2 3 4 5 6 |  6.2
Hexes          | 1 2 3 4 5 6 |  6.2
Summonings     | 1 2 3 4 5 6 |  6.2
Necromancy     | 1 2 3 4 5 6 |  6.2
Translocations | 1 2 3 4 5 6 |  6.2
Transmutations | 1 2 3 4 5 6 |  6.2
Fire Magic     | 1 2 3 4 5 6 |  6.2
Ice Magic      | 1 2 3 4 5 6 |  6.2
Air Magic      | 1 2 3 4 5 6 |  6.2
Earth Magic    | 1 2 3 4 5 6 |  6.2
Poison Magic   | 1 2 3 4 5 6 |  6.2
Armour         | 3 4 5 6 7 8 |  8.0
Fighting       | 5 6 7 8 |  8.9
Axes           | 5 6 7 8 |  8.9
Dodging        | 5 6 7 8 |  8.9
Charms         | 6 7 8 |  8.4

Action                   |  1- 3 |  4- 6 |  7- 9 | 10-12 || total
-------------------------+-------+-------+-------+-------++-------
Melee: Hand axe          |    24 |       |    30 |       ||    54
       Bite              |     6 |     3 |    30 |   134 ||   173
       Dagger            |    54 |    16 |   261 |   201 ||   532
       Quarterstaff      |       |    77 |       |       ||    77
       Punch             |       |       |     5 |       ||     5
       Spear             |       |       |       |   491 ||   491
 Fire: Shortbow          |       |       |     7 |       ||     7
Throw: Javelin           |       |       |       |     2 ||     2
 Cast: Spectral Weapon   |     1 |     7 |    24 |    61 ||    93
       Song of Slaying   |     1 |     3 |     6 |    14 ||    24
       Infusion          |     1 |     1 |     4 |    11 ||    17
       Shroud of Golubri |       |     3 |     5 |    14 ||    22
Invok: Heroism           |       |       |       |    10 ||    10
       Finesse           |       |       |       |     3 ||     3
  Use: Scroll            |       |       |     9 |     3 ||    12
       Potion            |       |       |       |     1 ||     1
 Stab: Sleeping          |       |     2 |     6 |     9 ||    17
       Confused          |       |     1 |       |       ||     1
       Distracted        |       |       |     1 |     9 ||    10
  Eat: Chunk             |       |     5 |     9 |    14 ||    28
       Ration            |       |     1 |     2 |     2 ||     5
Armor: Leather armour    |    24 |    25 |    56 |   113 ||   218
Dodge: Dodged            |    58 |    54 |   180 |   285 ||   577
Block: Buckler           |       |       |     6 |   237 ||   243
       Reflection        |       |       |       |    11 ||    11

Table legend:
 A = Non-vault XP
 B = Vault XP
 C = Vault XP percentage of total XP
 D = Non-vault monster count
 E = Vault monster count
 F = Vault count percentage of total count
                 A         B        C        D         E       F
            +---------+---------+-------+---------+---------+-------
      Total |   14915 |   14474 |  49.2 |     211 |      92 |  30.4
            +---------+---------+-------+---------+---------+-------
        D:1 |      25 |       0 |   0.0 |      18 |       0 |   0.0
        D:2 |      52 |      49 |  48.5 |      18 |       6 |  25.0
        D:3 |     103 |       0 |   0.0 |      18 |       0 |   0.0
        D:4 |     266 |     429 |  61.7 |       5 |      13 |  72.2
        D:5 |     712 |       0 |   0.0 |      19 |       0 |   0.0
        D:6 |    1072 |     121 |  10.1 |      21 |      12 |  36.4
        D:7 |     891 |     215 |  19.4 |      25 |       1 |   3.8
        D:8 |    1548 |      96 |   5.8 |      27 |       1 |   3.6
        D:9 |    1393 |    2821 |  66.9 |      16 |      13 |  44.8
       D:10 |    2504 |    1551 |  38.2 |      15 |      10 |  40.0
     Lair:1 |    3992 |    3804 |  48.8 |      18 |      25 |  58.1
     Lair:2 |    1075 |    4508 |  80.7 |       5 |      10 |  66.7
     Lair:3 |    1282 |     880 |  40.7 |       6 |       1 |  14.3
            +---------+---------+-------+---------+---------+-------
